 Dungeon Crawl Stone Soup version 0.18.1-48-g4cf74bf (webtiles) character file.

1705 Heedrag the Destroyer (level 8, -10/40 (41) HPs)
             Began as a Deep Elf Conjurer on July 30, 2016.
             Mangled by an orc warrior
             ... wielding a +0 long sword
              (20 damage)
             ... on level 6 of the Dungeon.
             The game lasted 00:14:52 (5146 turns).

Heedrag the Destroyer (Deep Elf Conjurer)           Turns: 5146, Time: 00:14:52

HP:   -10/40 (41)   AC:  3    Str:  7    XL:     8   Next: 73%
MP:   0/21          EV: 12    Int: 21    God:
Gold: 139           SH:  0    Dex: 15    Spells: 4 memorised, 9 levels left

rFire  . . .     SeeInvis +     q - +2 dagger (venom)
rCold  . . .     Gourm    .     a - +0 robe
rNeg   . . .     Faith    .     (no shield)
rPois  +         Spirit   .     (no helmet)
rElec  .         Dismiss  .     (no cloak)
rCorr  .         Reflect  .     v - +0 pair of gloves
SustAt .         Harm     .     (no boots)
MR     .....                    (no amulet)
Stlth  ++........               w - ring of wizardry
                                J - ring of poison resistance

@: drained, not resistant to hostile enchantments, unstealthy
A: see invisible
a: no special abilities


You were on level 6 of the Dungeon.
You were hungry.

You visited 1 branch of the dungeon, and saw 6 of its levels.

You collected 139 gold pieces.

Inventory:

Hand Weapons
 q - a +2 dagger of venom (weapon)
Armour
 a - a +0 robe (worn)
 v - a +0 pair of gloves (worn)
 z - a cursed +0 shield
Jewellery
 l - an uncursed ring of resist corrosion
 w - a ring of wizardry (right hand)
 J - a ring of poison resistance (left hand)
Wands
 A - a wand of acid (7/15)
 B - a wand of iceblast (6/15)
Scrolls
 d - 2 scrolls of blinking {unknown}
 e - a scroll of fear {unknown}
 f - a scroll of enchant weapon {unknown}
 j - 2 scrolls of fog {unknown}
 k - 8 scrolls of identify {unknown}
 m - a scroll of magic mapping {unknown}
 p - a scroll of noise {unknown}
 u - 2 scrolls of random uselessness {unknown}
 x - 2 scrolls of enchant armour {unknown}
 y - a scroll of recharging {unknown}
 C - a scroll of remove curse {unknown}
 F - a scroll of teleportation {unknown}
 H - a scroll of immolation {unknown}
Potions
 g - 3 potions of mutation {unknown}
 h - 2 potions of curing
 o - a potion of lignification {unknown}
 s - a potion of berserk rage {unknown}
 t - a potion of degeneration {unknown}
 D - a potion of ambrosia {unknown}
 E - a potion of agility {unknown}
 I - a potion of cancellation {unknown}
Books
 b - a book of Conjurations

   Spells                             Type                      Level
   a - Magic Dart                     Conjuration                  1
   b - Searing Ray                    Conjuration                  2
   c - Dazzling Spray                 Conjuration/Hexes            3
   d - Fulminant Prism                Conjuration/Hexes            4
   e - Iskenderun's Mystic Blast      Conjuration                  4
   f - Iskenderun's Battlesphere      Conjuration/Charms           5
 G - Utaom's Handbook of Beguiling
   (You found it on level 5 of the Dungeon)

   Spells                             Type                      Level
   a - Corona                         Hexes                        1
   b - Slow                           Hexes                        2
   c - Inner Flame                    Hexes/Fire                   3
   d - Invisibility                   Hexes                        6
   e - Discord                        Hexes                        8
Comestibles
 c - 3 bread rations
 i - 5 meat rations
 r - a royal jelly


   Skills:
 - Level 2.4(2.1) Dodging
 - Level 2.4(2.1) Stealth
 + Level 7.7(7.3) Spellcasting
 * Level 10.3(9.9) Conjurations
 + Level 6.5(6.2) Charms


You had 9 spell levels left.
You knew the following spells:

 Your Spells              Type           Power        Failure   Level  Hunger
a - Magic Dart            Conj           ####         1%          1    None
b - Dazzling Spray        Conj/Hex       ####..       1%          3    None
c - Iskenderun's Mystic   Conj           #####...     1%          4    ###....
d - Iskenderun's Battles  Conj/Chrm      #####...     4%          5    #####..


Dungeon Overview and Level Annotations

Branches:
Dungeon (6/15)
 Temple: D:4-7

Altars:
Makhleb


Innate Abilities, Weirdness & Mutations

You have supernaturally acute eyesight.


Message History

Press: ? - help, Shift-Dir - straight line, f/p - orc warrior
Aim: an orc warrior, wieldin' a long sword an' wearin' a plate armour (severely wounded) Tha magic dart hits tha orc warrior.
Tha orc warrior be severely wounded.
Tha orc warrior misses ye.
Tha orc hits ye wit' a whip.
* * * LOW HITPOINT WARNIN'
* * * Castin': Magic Dart Confirm wit' . or Enter, or press ? or * ta list all spells.
Aimin': Dazzlin' Spray
Press: ? - help, Shift-Dir - straight line, f/p - orc warrior
Aim: an orc warrior, wieldin' a long sword an' wearin' a plate armour (severely wounded) Tha spray o' energy hits tha orc warrior.
Tha orc warrior be severely wounded.
Tha spray o' energy hits tha orc.
Tha orc be lightly wounded.
Tha orc be dazzled.
Tha orc warrior closely misses ye.
Tha orc misses ye.
Tha orc warrior closely misses ye.
Tha orc warrior hits ye wit' a long sword!!
Ouch! Tha re'lly hurt!
Ye die...

...# ####.#.#
..#.#.# #.#.#.#
###.#.#.#
#.......# .
#.#..##.####....
#.)oo.#.......#
#.#.@##.####....
#.#..##........#
#.#..##<#.#####
#O#..##.#.#
........# #
......###
##)#.#. .##.# .


You could see an orc warrior and an orc (blind).

Vanquished Creatures
  The ghost of junkhipster the Skirmisher, an amateur GrFi of Cheibriados (D:4)
  A sky beast (D:5)
  A necrophage (D:5)
  A phantom (D:4)
  3 ogres
  3 centaurs
  A jelly (D:5)
  2 howler monkeys (D:4)
  3 wights (D:5)
  2 crimson imps (D:5)
  A giant frog zombie (D:5)
  An orc priest (D:3)
  2 hounds
  A centaur skeleton (D:5)
  An iguana (D:4)
  4 worker ants
  A hound skeleton (D:6)
  8 adders
  5 gnolls (D:4)
  A shadow imp (D:5)
  An ooze (D:1)
  4 worms
  2 dart slugs
  5 giant geckos
  10 orcs
  A ball python (D:3)
  6 giant cockroaches
  6 goblins
  5 hobgoblins
  9 jackals
  2 quokkas
  5 bats
  2 giant newts
  A jackal skeleton (D:4)
  5 kobolds
  9 rats
116 creatures vanquished.

Notes
Turn   | Place    | Note
--------------------------------------------------------------
     0 | D:1      | Heedrag the Deep Elf Conjurer began the quest for the Orb.
     0 | D:1      | Reached XP level 1. HP: 10/10 MP: 6/6
   190 | D:1      | Reached XP level 2. HP: 13/15 MP: 0/8
   295 | D:1      | Reached skill level 5 in Conjurations
   744 | D:2      | Reached XP level 3. HP: 19/19 MP: 3/9
   749 | D:2      | Learned a level 3 spell: Dazzling Spray
  1177 | D:2      | Reached XP level 4. HP: 24/24 MP: 8/11
  1231 | D:2      | Reached skill level 6 in Conjurations
  1237 | D:2      | Learned a level 4 spell: Iskenderun's Mystic Blast
  1606 | D:3      | Noticed a centaur
  1785 | D:4      | Reached XP level 5. HP: 28/28 MP: 7/13
  1904 | D:4      | Noticed a phantom
  2147 | D:3      | Reached skill level 7 in Conjurations
  2438 | D:4      | Reached XP level 6. HP: 31/32 MP: 4/14
  2445 | D:4      | Learned a level 5 spell: Iskenderun's Battlesphere
  2527 | D:4      | Noticed junkhipster's ghost (amateur GrFi)
  2587 | D:5      | Entered Level 5 of the Dungeon
  2611 | D:5      | Identified Utaom's Handbook of Beguiling
  2655 | D:5      | Reached skill level 5 in Spellcasting
  2655 | D:5      | Reached skill level 1 in Charms
  2865 | D:5      | Noticed a sky beast
  2874 | D:5      | Reached skill level 8 in Conjurations
  2876 | D:5      | Killed a sky beast
  2876 | D:5      | Reached XP level 7. HP: 18/36 MP: 4/17
  3037 | D:5      | Gained mutation: You have supernaturally acute eyesight. [mutagenic meat]
  3338 | D:4      | Found a burning altar of Makhleb.
  3697 | D:4      | Reached skill level 9 in Conjurations
  3916 | D:3      | Reached XP level 8. HP: 13/40 MP: 11/19
  4200 | D:4      | Found a burning altar of Makhleb.
  4404 | D:4      | Killed junkhipster's ghost
  4404 | D:4      | Reached skill level 5 in Charms
  4645 | D:5      | Reached skill level 10 in Conjurations
  5146 | D:6      | Mangled by an orc warrior

Skill      XL: |  1  2  3  4  5  6  7  8 |
---------------+-------------------------+-----
Conjurations   | 5 6 7 8 9 10 | 10.3
Spellcasting   | 4 5 6 7 |  7.7
Charms         | 2 4 6 |  6.5
Dodging        | |  2.4
Stealth        | |  2.4

Action                   |  1- 3 |  4- 6 |  7- 9 || total
-------------------------+-------+-------+-------++-------
Melee: Short sword       |    11 |       |       ||    11
       Dagger            |       |    25 |     1 ||    26
 Cast: Magic Dart        |    68 |   114 |   112 ||   294
       Dazzling Spray    |       |     5 |     3 ||     8
       Iskenderun's Batt |       |     1 |    15 ||    16
  Use: Potion            |     1 |       |       ||     1
 Stab: Invisible         |       |     2 |       ||     2
  Eat: Chunk             |     1 |     5 |     9 ||    15
       Beef jerky        |       |       |     2 ||     2
Armor: Robe              |     4 |    13 |     9 ||    26
Dodge: Dodged            |    11 |    38 |    33 ||    82
